 Dungeon Crawl Stone Soup version 0.30-b1-2-g02819fbbbe (webtiles) character file.

Game seed: 14235362311741961806

764301 dsb250 the Ogre Mage (level 27, -9/253 HPs)
             Began as an Ogre Summoner on July 12, 2023.
             Was the Champion of Cheibriados.
             Killed from afar by Alaiclej the pandemonium lord (61 damage)
             ... with a spray of metal splinters
             ... in Pandemonium on Oct 24, 2023.
             The game lasted 09:44:17 (70540 turns).

dsb250 the Ogre Mage (Ogre Summoner)               Turns: 70540, Time: 09:44:17

Health: -9/253     AC: 11    Str: 41      XL:     27
Magic:  7/53       EV: 16    Int: 35 (37) God:    Cheibriados [******]
Gold:   3618       SH: 21    Dex: 26      Spells: 12/79 levels left

rFire   + + +        F - +7 sceptre of Torment {pain, torment}
rCold   + + +        W - +2 shield of Resistance {rF++ rC++ Will++}
rNeg    + . .        P - +0 troll leather armour
rPois   .            H - +2 hat
rElec   .            N - scarf {rC+ rF+}
rCorr   .            (gloves unavailable)
SInv    +            (boots unavailable)
Will    +++++        T - amulet of magic regeneration
Stlth   ++           X - ring of Ywuwk {Fly rN+ Will+ Dex+2}
HPRegen 1.42/turn    t - ring "Deosesch" {rF+ Str+6 Slay-4 SInv}
MPRegen 0.73/turn

%: no passive effects
@: flying, studying 4 skills, very slow
A: large, unfitting armour, tough skin 1, iridescent scales 1, large bone plates
1, dopey 1, frail 1, weak 1
}: 6/15 runes: decaying, slimy, silver, demonic, fiery, gossamer
a: Renounce Religion, Bend Time, Temporal Distortion, Slouch, Step From Time


You were in Pandemonium.
You worshipped Cheibriados.
Cheibriados was exalted by your worship.
You visited 11 branches of the dungeon, and saw 51 of its levels.
You visited Pandemonium 1 time, and saw 12 of its levels.
You visited 1 bazaar.
You also visited: Ossuary and Wizlab.

You collected 9217 gold pieces.
You spent 5599 gold pieces at shops.

Inventory:

Hand Weapons
 c - a +9 sacred scourge of holy wrath
 e - a +3 morningstar of protection
 F - the +7 sceptre of Torment (weapon) {pain, torment}
   (You found it on level 5 of the Vaults)
 Z - the +6 dagger of Daxtain {vamp, rN++ Will+++ Str-5 Dex-4}
   (You took it off a vampire mage on level 1 of the Crypt)

   Str:       It affects your strength (-5).
   Dex:       It affects your dexterity (-4).
   rN:        It greatly protects you from negative energy.
   Will:      It greatly increases your willpower.
Missiles
 g - 55 javelins
 L - 14 throwing nets
Armour
 r - +0 storm dragon scales
 H - a +2 hat (worn)
 N - a scarf of resistance (worn)
 P - a +0 troll leather armour (worn)
 W - the +2 shield of Resistance (worn) {rF++ rC++ Will++}
   (You bought it in a shop on level 2 of the Orcish Mines)

   rF:        It greatly protects you from fire.
   rC:        It greatly protects you from cold.
   Will:      It greatly increases your willpower.
Jewellery
 d - a ring of wizardry
 f - a ring of resist corrosion
 q - an amulet of regeneration
 t - the ring "Deosesch" (right hand) {rF+ Str+6 Slay-4 SInv}
   (You found it on level 3 of the Crypt)

   [ring of strength]

   Str:       It affects your strength (+6).
   Slay:      It affects your accuracy & damage with ranged weapons and melee
   (-4).
   rF:        It protects you from fire.
   SInv:      It lets you see invisible.
 w - the ring "Suplah" {rC+ rN+ Str+2}
   (You found it in Pandemonium)

   [ring of protection from cold]

   Str:       It affects your strength (+2).
   rC:        It protects you from cold.
   rN:        It protects you from negative energy.
 G - the ring "Peaha" {rF++ rC+ Dex+2}
   (You found it in Pandemonium)

   [ring of protection from cold]

   Dex:       It affects your dexterity (+2).
   rF:        It greatly protects you from fire.
   rC:        It protects you from cold.
 M - the ring of Woerril {rPois rC+ EV+5 Str-4 Dex+4}
   (You took it off a demonspawn warmonger in Pandemonium)

   [ring of evasion]

   EV:        It affects your evasion (+5).
   Str:       It affects your strength (-4).
   Dex:       It affects your dexterity (+4).
   rC:        It protects you from cold.
   rPois:     It protects you from poison.
 Q - the ring of Biesopos {rF+ AC+4 Str+3}
   (You acquired it on level 2 of the Orcish Mines)

   [ring of protection]

   AC:        It affects your AC (+4).
   Str:       It affects your strength (+3).
   rF:        It protects you from fire.
 T - an amulet of magic regeneration (around neck)
 U - the ring of Zobid {+Blink rPois rN+}
   (You found it on level 3 of the Depths)

   [ring of poison resistance]

   rPois:     It protects you from poison.
   rN:        It protects you from negative energy.
   +Blink:    It lets you blink.
 X - the ring of Ywuwk (left hand) {Fly rN+ Will+ Dex+2}
   (You took it off a deep elf high priest on level 5 of the Vaults)

   [ring of positive energy]

   Dex:       It affects your dexterity (+2).
   rN:        It protects you from negative energy.
   Fly:       It grants you flight.
   Will:      It increases your willpower.
Wands
 B - a wand of iceblast (42) (quivered)
 I - a wand of quicksilver (25)
 J - a wand of digging (28)
 Y - a wand of mindburst (15)
Scrolls
 i - 6 scrolls of butterflies
 l - 6 scrolls of fog
 s - 4 scrolls of immolation
 u - a scroll of torment
 x - 9 scrolls of blinking
 y - a scroll of enchant weapon
 z - 24 scrolls of teleportation
 A - a scroll of amnesia
 E - 9 scrolls of magic mapping
Potions
 b - 8 potions of magic
 h - 14 potions of heal wounds
 j - 12 potions of ambrosia
 k - 45 potions of curing
 m - 4 potions of brilliance
 o - 4 potions of berserk rage
 p - 6 potions of mutation
 v - 9 potions of flight
 C - 6 potions of cancellation
 K - 8 potions of might
 V - 2 potions of resistance
Miscellaneous
 a - a phial of floods
 n - a phantom mirror (inert)
 D - a lightning rod (4/4)


   Skills:
 + Level 18.1 Fighting
 - Level 19.7(20.0) Maces & Flails
 - Level 5.5(15.0) Staves
 - Level 10.0 Throwing
 + Level 11.6 Armour
 + Level 8.1 Dodging
 - Level 1.5 Stealth
 - Level 12.0 Shields
 * Level 26.9 Spellcasting
 - Level 6.0 Conjurations
 - Level 5.0 Hexes
 - Level 17.0 Summonings
 - Level 16.0 Necromancy
 - Level 4.0 Translocations
 + Level 17.9 Transmutations
 * Level 11.7 Ice Magic
 - Level 6.0 Air Magic
 - Level 10.0 Earth Magic
 - Level 13.0 Invocations


You had 12 spell levels left.
You knew the following spells:

 Your Spells              Type           Power      Damage    Failure   Level
a - Apportation           Tloc           100%       N/A       1%          1
b - Call Canine Familiar  Summ           100%       N/A       0%          3
c - Necromutation         Tmut/Necr      52%        N/A       4%          8
e - Blink                 Tloc           100%       N/A       1%          2
f - Borgnjor's Vile Clut  Necr/Erth      47%        N/A       1%          5
g - Summon Cactus Giant   Summ           52%        N/A       1%          6
h - Ignite Poison         Fire/Tmut/Pois 73%        N/A       1%          3
i - Freezing Cloud        Conj/Ice/Air   40%        6-21      1%          5
j - Summon Horrible Thin  Summ           52%        N/A       4%          8
q - Passwall              Tmut/Erth      81%        N/A       0%          2
r - Summon Lightning Spi  Summ/Air       91%        N/A       1%          4
t - Passage of Golubria   Tloc           66%        N/A       1%          4
u - Yara's Violent Unrav  Hex/Tmut       45%        3d18      1%          5
v - Irradiate             Conj/Tmut      46%        3d27      1%          5
w - Statue Form           Tmut/Erth      65%        N/A       1%          6

Your spell library contained the following spells:

 Spells                   Type           Power      Damage    Failure   Level
 Beastly Appendage        Tmut           100%       N/A       0%          1
 Freeze                   Ice            100%       1d10      0%          1
 Necrotise                Necr           100%       1d9       0%          1
 Sandblast                Erth           100%       2d20      0%          1
 Sting                    Tmut/Pois      100%       1d8       0%          1
 Summon Small Mammal      Summ           100%       N/A       0%          1
 Call Imp                 Summ           100%       N/A       0%          2
 Sublimation of Blood     Necr           100%       N/A       0%          2
 Wereblood                Tmut           100%       N/A       0%          2
 Frozen Ramparts          Ice            100%       1d16      0%          3
 Ozocubu's Armour         Ice            92%        N/A       0%          3
 Vampiric Draining        Necr           100%       2d13      0%          3
 Animate Dead             Necr           100%       N/A       0%          4
 Ice Form                 Ice/Tmut       100%       N/A       0%          4
 Blade Hands              Tmut           53%        N/A       0%          5
 Magic Dart               Conj           100%       1d8       1%          1
 Slow                     Hex            100%       N/A       1%          1
 Ensorcelled Hibernation  Hex/Ice        100%       N/A       1%          2
 Lesser Beckoning         Tloc           100%       N/A       1%          2
 Poisonous Vapours        Pois/Air       100%       N/A       1%          2
 Scorch                   Fire           94%        2d8       1%          2
 Searing Ray              Conj           100%       2d8       1%          2
 Confusing Touch          Hex            70%        N/A       1%          3
 Gell's Gravitas          Tloc           66%        N/A       1%          3
 Hailstorm                Conj/Ice       83%        3d17      1%          3
 Inner Flame              Hex/Fire       59%        N/A       1%          3
 Mephitic Cloud           Conj/Pois/Air  66%        N/A       1%          3
 Portal Projectile        Hex/Tloc       100%       N/A       1%          3
 Spider Form              Tmut/Pois      83%        N/A       1%          3
 Stone Arrow              Conj/Erth      100%       3d13      1%          3
 Summon Guardian Golem    Hex/Summ       90%        N/A       1%          3
 Teleport Other           Tloc           66%        N/A       1%          3
 Vhi's Electric Charge    Tloc/Air       100%       N/A       1%          3
 Volatile Blastmotes      Fire/Tloc      100%       2d18      1%          3
 Anguish                  Hex/Necr       44%        N/A       1%          4
 Animate Armour           Summ/Erth      100%       N/A       1%          4
 Cause Fear               Hex            35%        N/A       1%          4
 Flame Wave               Conj/Fire      62%        2d14      1%          4
 Fulminant Prism          Conj/Hex       36%        3d17      1%          4
 Leda's Liquefaction      Hex/Erth       39%        N/A       1%          4
 Manifold Assault         Tloc           66%        N/A       1%          4
 Petrify                  Tmut/Erth      98%        N/A       1%          4
 Sticky Flame             Conj/Fire      62%        2d8       1%          4
 Summon Ice Beast         Ice/Summ       99%        N/A       1%          4
 Alistair's Intoxication  Tmut/Pois      55%        N/A       1%          5
 Arcjolt                  Conj/Air       36%        1d46      1%          5
 Iskenderun's Battlesphe  Conj           73%        2d12      1%          5
 Lee's Rapid Deconstruct  Erth           43%        3d21*     1%          5
 Metabolic Englaciation   Hex/Ice        40%        N/A       1%          5
 Silence                  Hex/Air        36%        N/A       1%          5
 Summon Forest            Summ/Tloc      44%        N/A       1%          5
 Summon Mana Viper        Hex/Summ       90%        N/A       1%          5
 Death Channel            Necr           51%        N/A       1%          6
 Simulacrum               Ice/Necr       48%        N/A       1%          6
 Dragon Form              Tmut           53%        N/A       1%          7
 Haunt                    Necr/Summ      52%        N/A       1%          7
 Monstrous Menagerie      Summ           52%        N/A       1%          7
 Summon Hydra             Summ           52%        N/A       1%          7
 Iron Shot                Conj/Erth      40%        9d8       3%          6
 Ozocubu's Refrigeration  Ice            46%        4d17      4%          7
 Spellforged Servitor     Conj/Summ      45%        N/A       4%          7
 Storm Form               Tmut/Air       46%        N/A       4%          7
 Fireball                 Conj/Fire      31%        3d13      5%          5
 Olgreb's Toxic Radiance  Pois           47%        N/A       6%          4
 Borgnjor's Revivificati  Necr           51%        N/A       6%          8
 Malign Gateway           Summ/Tloc      44%        N/A       8%          7
 Conjure Ball Lightning   Conj/Air       36%        3x3d12    9%          6
 Plasma Beam              Fire/Air       31%        2x1d48    28%         6
 Orb of Destruction       Conj           36%        9d11      43%         7
 Enfeeble                 Hex            35%        N/A       56%         7
 Death's Door             Necr           51%        N/A       67%         9
 Lehudib's Crystal Spear  Conj/Erth      40%        10d10     85%         8
 Maxwell's Capacitive Co  Air            36%        ∞         98%         8
 Discord                  Hex            35%        N/A       99%         8
 Polar Vortex             Ice            46%        N/A       99%         9
 Disjunction              Tloc           33%        N/A       100%        8
 Ignition                 Fire           23%        3d8       100%        8
 Chain Lightning          Conj/Air       36%        3d48      100%        9
 Fire Storm               Conj/Fire      31%        8d8       100%        9
 Shatter                  Erth           43%        3d34*     100%        9


Dungeon Overview and Level Annotations

Branches:
Dungeon (15/15)            Temple (1/1) D:6            Lair (5/5) D:10
  Swamp (4/4) Lair:2       Spider (4/4) Lair:2        Slime (5/5) Lair:5
    Orc (2/2) D:10            Elf (3/3) Orc:2        Vaults (5/5) D:13
  Crypt (3/3) Vaults:3       Tomb (0/3) Crypt:3      Depths (4/4) D:15
    Zot (0/5) Depths:4    Ossuary (visited)          WizLab (visited)

Altars:
Ashenzari
Cheibriados
Dithmenos
Elyvilon
Fedhas
Gozag
Hepliaklqana
Kikubaaqudgha
Makhleb
Nemelex Xobeh
Okawaru
Qazlal
Ru
Sif Muna
Trog
Uskayaw
Vehumet
Wu Jian
Xom
Yredelemnul
Zin
The Shining One
Jiyva

Shops:
D:6 [   D:15 (:*   Orc:1 =   Orc:2 [*[?   Elf:1 =   Elf:2 *   Vaults:1 (
Vaults:2 (   Vaults:3 ?   Vaults:4 !:!?   Depths:4 [

Portals:
Hell: Depths:1 Depths:2 Depths:3 Depths:4
Abyss: Depths:2 Depths:3 Depths:4
Pandemonium: Depths:2
Ziggurat: Depths:2


Innate Abilities, Weirdness & Mutations

You are too large for most types of armour.
You have tough skin. (AC +1)
You are partially covered in iridescent scales. (AC +2)
You are partially covered in large bone plates. (SH +4)
You are dopey. (Int -2)
You are frail. (-10% HP)
You are weak. (Str -2)


Message History

Unknown command.
What are your orders? t - Shout!
Orders for allies: a - Attack new target. p - Attack previous target. r - Retreat! s - Stop attacking. g - Guard the area. f - Follow me.
Anything else - Cancel.
Okay, then.
Casting: Blink (safe; 1% risk of failure)
Confirm with . or Enter, or press ? or * to list all spells.
Aiming: Borgnjor's Vile Clutch (safe; 1% risk of failure)
Press: ? - help, Shift-Dir - straight line, f/p - Alaiclej
Aim: Alaiclej (severely wounded, slightly transparent, 100% to hit)
You feel a surge of power!
Your large abomination is unaffected.
Your cactus giant is unaffected.
Zombie hands grab Alaiclej.
The zombie hands constrict Alaiclej.
Alaiclej tail-slaps your cactus giant!!
Your large abomination is engulfed in freezing vapours.
Unknown command.
Unknown command.
What are your orders? t - Shout!
Orders for allies: a - Attack new target. p - Attack previous target. r - Retreat! s - Stop attacking. g - Guard the area. f - Follow me.
Anything else - Cancel.
Gang up on whom?
Press: ? - help, Dir - move target, f/p - Alaiclej
Aim: Alaiclej (severely wounded, slightly transparent, constricted by zombie hands) Alaiclej is invisible, and you have no allies that can see it.
Unknown command.
Unknown command.
Unknown command.
You feel yourself come back to life.
The zombie hands constrict Alaiclej, but do no damage.
Alaiclej gestures at you.
The spray of metal splinters hits your cactus giant!!!
The spray of metal splinters hits your large abomination!
The spray of metal splinters hits you!!!
You die...

....######.......................
.................................
###....§.........................
#....))################...#####
#...8..# #...# #......# #...#
#......# #...# #......# ### #...#
#......# #@# ### #...# #......#
#X# #?# #...# #......# # #C# #.#
#...# #.#.##.###.####...#
#....&XX........###
#......C.####.# #.##.###.# #.#
#.# #.# #.# #(# ### #.#


You could see Alaiclej (invisible, clutched), 3 friendly large abominations and
a friendly cactus giant (summoned).

Vanquished Creatures
  Cerebov (Pan)
  the Royal Jelly (Slime:5)
  5 dread liches
  2 ancient liches
  Mara (Vaults:3)
  Mennas (Vaults:3)
  Frederick (Vaults:3)
  2 caustic shrikes (Depths:4)
  7 pandemonium lords (Pan)
  2 Tzitzimimeh (Pan)
  A shard shrike zombie (Crypt:3)
  3 Brimstone Fiends (Pan)
  The ghost of Xutext the Spry, an adept DsAK of Lugonu (Depths:4)
  2 hellephants (Pan)
  An Ice Fiend (Pan)
  9 Hell Sentinels (Pan)
  9 liches
  Mlioglotl (Swamp:3)
  A titan (Vaults:5)
  3 Executioners (Pan)
  A deep elf blademaster (Elf:3)
  A deep elf master archer (Elf:3)
  An ancient champion (WizLab)
  5 sphinxes
  4 shadow dragons
  2 acid blobs (Slime:2)
  9 tengu reavers
  2 thorn hunters
  A storm dragon (Vaults:5)
  7 rockslimes
  Donald (Swamp:2)
  A revenant (Crypt:1)
  A draconian knight (Depths:4)
  An azure jelly (Slime:5)
  An iron dragon (Depths:3)
  3 demonspawn warmongers (Pan)
  10 fire giants
  3 frost giants
  13 balrugs
  7 ghost moths
  5 deep elf sorcerers
  4 emperor scorpions
  12 vault wardens
  2 ghouls (Crypt:3)
  The ghost of diceflayer the Marksdemonspawn, a journeyman DsHu of Okawaru (D:14)
  2 curse skulls
  2 reapers (Pan)
  3 orc warlords
  6 demonspawn corrupters (Pan)
  5 deep elf elementalists (Elf:3)
  16 ironbound preservers
  7 stone giants
  7 quicksilver oozes
  3 demonspawn blood saints (Pan)
  12 very ugly things
  A caustic shrike skeleton (Crypt:1)
  2 war gargoyles
  7 cacodemons (Pan)
  4 ironbound thunderhulks
  4 vampire knights
  A broodmother (Spider:3)
  11 dire elephants
  A green draconian (Depths:4)
  4 deep elf demonologists
  4 deep elf annihilators
  4 eleionomae
  4 demonspawn black suns (Pan)
  Azrael (Spider:1)
  8 lorocyprocas (Pan)
  12 spark wasps
  A yellow draconian (Depths:4)
  3 bunyips
  3 crystal guardians
  3 fire dragons
  9 eidola
  14 green deaths (Pan)
  6 yaktaur captains
  14 blizzard demons
  An ettin (shapeshifter) (Vaults:5)
  6 ettins
  A rakshasa (Pan)
  6 deep elf death magi
  A shambling mangrove (Swamp:3)
  8 deep elf high priests
  A jiangshi (Crypt:2)
  3 great orbs of eyes
  Josephine (D:13)
  A peacekeeper (Vaults:3)
  2 ice dragons
  8 hydras
  27 vault guards
  A juggernaut simulacrum (Pan)
  3 hell beasts (Pan)
  8 ironbound frosthearts
  3 boulder beetles
  2 catoblepae
  6 centaur warriors
  3 death knights
  2 two-headed ogres
  A radroach (Spider:4)
  An ogre mage (Vaults:5)
  23 dancing weapons
  A death scarab (Spider:3)
  2 death yaks (Lair:5)
  5 vampire magi
  An azure jelly zombie (Crypt:1)
  An alligator (Swamp:4)
  A bennu skeleton (Crypt:2)
  6 deep troll shamans
  3 tengu warriors
  11 deep troll earth magi
  A hell hog (Pan)
  8 deep elf knights
  A spriggan berserker (Depths:4)
  8 orc high priests
  13 soul eaters
  62 sun demons
  7 iron trolls
  5 skeletal warriors
  A hell knight (Depths:4)
  4 sixfirhies (Pan)
  9 shadow wraiths
  2 skysharks
  A cherub (Pan)
  A titan skeleton (Depths:1)
  A spriggan druid (Swamp:3)
  4 pharaoh ants
  4 goliath frogs
  47 deep trolls
  8 shadow demons (Pan)
  5 orb spiders
  A glowing orange brain (Vaults:1)
  2 flayed ghosts
  4 swamp dragons (Swamp:4)
  An obsidian statue (D:14)
  6 deep elf archers
  2 necromancers
  7 steelbarb worms
  2 bog bodies (Swamp:4)
  12 ironbound convokers
  9 lindwurms
  A harpy (shapeshifter) (Depths:2)
  2 harpies (Vaults:5)
  3 phantasmal warriors
  4 wizards
  A tengu skeleton (Vaults:2)
  16 deep elf pyromancers
  A human zombie (Vaults:3)
  2 cyclopes
  6 shining eyes
  7 orc knights
  4 orc sorcerers
  20 ugly things
  15 deep elf zephyrmancers
  2 salamanders (shapeshifter)
  15 wolf spiders
  3 will-o-the-wisps
  2 moths of wrath
  A manticore (D:14)
  An eleionoma skeleton (Crypt:3)
  An eleionoma zombie (Crypt:1)
  Maurice (D:11)
  5 elephants
  11 vault sentinels
  An eye of devastation (Slime:4)
  3 ice statues (Pan)
  2 torpor snails (Spider:2)
  5 cane toads
  20 smoke demons (Pan)
  6 orange demons (Pan)
  3 unseen horrors
  A rime drake (Lair:1)
  30 demonic crawlers
  A freezing wraith (Crypt:2)
  A centaur skeleton (Crypt:3)
  6 hellions (Pan)
  3 komodo dragons
  6 efreet
  33 yaktaurs
  2 tengu conjurers
  A green draconian skeleton (Crypt:2)
  2 tormentors (Pan)
  3 ice devils (Pan)
  2 kobold demonologists (Pan)
  A guardian mummy (Crypt:3)
  A queen bee (Lair:1)
  A meliai (shapeshifter) (Vaults:4)
  5 red devils (Pan)
  A troll (D:12)
  7 tyrant leeches
  5 hellwings (Pan)
  5 meliai
  A blink frog (Lair:5)
  24 tarantellas
  A hornet (shapeshifter) (Vaults:5)
  9 hornets
  23 large abominations (Pan)
  14 jumping spiders
  32 slime creatures
  3 air elementals
  3 flying skulls
  4 spriggans
  2 water elementals
  3 wraiths
  27 ynoxinuls (Pan)
  10 culicivoras
  A shadow (D:10)
  4 vampires
  A wyvern (D:9)
  8 yaks
  2 golden eyes (Slime:5)
  6 fire elementals
  A steam dragon (D:8)
  A wind drake skeleton (Crypt:2)
  24 redbacks
  6 vampire mosquitoes
  15 chaos spawn
  7 neqoxecs
  8 wargs
  A glowing shapeshifter zombie (Vaults:2)
  A swamp worm (shapeshifter) (Vaults:5)
  An acid dragon (D:13)
  6 swamp worms
  3 water moccasins
  19 orc warriors
  4 hell hounds
  A swamp dragon zombie (Crypt:1)
  5 swamp drakes
  A sky beast (shapeshifter) (Vaults:5)
  4 wolves
  4 ogres
  A centaur (D:5)
  A boggart (Lair:5)
  A rime drake zombie (Crypt:3)
  A human skeleton (Vaults:2)
  A kobold brigand (D:8)
  2 earth elementals (Elf:2)
  6 bullfrogs
  2 elf zombies (Ossuary)
  A scorpion (D:4)
  A wight (D:7)
  3 troll zombies (WizLab)
  7 killer bees
  A polar bear skeleton (Crypt:2)
  3 electric eels
  A centaur zombie (Ossuary)
  10 orc priests
  3 hounds
  A sleepcap (D:7)
  4 orc wizards
  An ogre zombie (WizLab)
  A small abomination (Depths:3)
  4 mummies (Crypt:3)
  3 gnolls
  4 adders
  A shadow imp (D:7)
  A white imp (D:7)
  6 nameless horrors
  An adder zombie (Ossuary)
  A dart slug (D:3)
  24 orcs
  7 ball pythons
  A bat skeleton (Crypt:1)
  An endoplasm (D:1)
  2 giant cockroaches (D:2)
  2 hobgoblins
  2 quokkas
  3 bats
  A frilled lizard (D:1)
  4 goblins
  10 kobolds
  2 rats
  A rat zombie (Ossuary)
  2 butterflies (D:6)
1430 creatures vanquished.

Vanquished Creatures (collateral kills)
  Dissolution (Slime:4)
  2 ancient liches
  Bai Suzhen (Depths:1)
  2 curse toes (Crypt:3)
  Margery (Depths:4)
  A caustic shrike (Depths:4)
  2 golden dragons
  Jory (Depths:1)
  A shard shrike zombie (Crypt:3)
  5 Tzitzimimeh (Pan)
  2 tentacled monstrosities
  A Brimstone Fiend (Pan)
  2 pandemonium lords (Pan)
  9 Hell Sentinels (Pan)
  A walking crystal tome (Depths:3)
  Zenata (Vaults:3)
  4 liches
  A quicksilver dragon (Vaults:4)
  Asterion (Vaults:1)
  3 titans
  5 ancient champions
  7 Executioners (Pan)
  16 acid blobs
  2 sphinxes
  Kirke (Lair:4)
  A shadow dragon (Depths:4)
  A thorn hunter (Swamp:4)
  A tengu reaver (Vaults:4)
  A revenant (Crypt:1)
  4 storm dragons (Vaults:5)
  3 fire giants
  A draconian monk (Depths:4)
  7 azure jellies
  An iron dragon (Vaults:5)
  4 demonspawn warmongers (Pan)
  4 emperor scorpions (Spider:4)
  7 frost giants
  9 rockslimes
  8 vault wardens
  8 balrugs (Pan)
  2 deep elf sorcerers (Elf:3)
  9 ghost moths
  Aizul (Swamp:3)
  A ghoul (Crypt:3)
  6 demonspawn blood saints (Pan)
  7 cacodemons (Pan)
  10 ironbound preservers
  2 broodmothers
  6 demonspawn corrupters (Pan)
  10 reapers
  2 war gargoyles
  8 quicksilver oozes
  4 vampire knights
  11 very ugly things
  12 stone giants
  A deep elf demonologist (Elf:2)
  7 ironbound thunderhulks
  4 eleionomae
  2 deep elf annihilators
  7 demonspawn black suns (Pan)
  A purple draconian (Depths:4)
  4 lorocyprocas (Pan)
  A minotaur (D:13)
  5 dire elephants
  The ghost of Gonodgh the Peltast, a journeyman MiFi of Cheibriados (D:13)
  2 bunyips
  A spark wasp (Depths:4)
  27 blizzard demons (Pan)
  2 mummy priests (Pan)
  2 ettins
  10 green deaths (Pan)
  9 deep elf death magi
  7 eidola
  7 yaktaur captains
  A fire dragon (shapeshifter) (Depths:3)
  A rakshasa (Depths:1)
  4 fire dragons
  A quicksilver dragon skeleton (Crypt:3)
  6 ice dragons
  4 vault guards
  3 deep elf high priests (Vaults:5)
  6 jiangshi
  Erolcha (D:9)
  9 great orbs of eyes
  3 hell beasts (Pan)
  2 entropy weavers
  3 peacekeepers
  A ghost crab (Swamp:4)
  5 hydras
  2 radroaches
  2 death knights
  A juggernaut simulacrum (Pan)
  A jorogumo (Spider:4)
  5 spriggan air magi
  6 ironbound frosthearts
  4 centaur warriors
  2 alligators
  4 dancing weapons
  An alligator (shapeshifter) (Vaults:5)
  2 two-headed ogres
  A death yak (Lair:5)
  Urug (Lair:2)
  5 deep troll shamans
  4 deep troll earth magi
  2 orc high priests (Orc:2)
  3 spriggan berserkers
  2 hell hogs (Pan)
  4 vampire magi
  3 tengu warriors
  A death scarab (Spider:3)
  22 sun demons (Pan)
  6 spriggans
  A hell knight (Vaults:4)
  4 deep elf knights (Elf:2)
  13 soul eaters (Pan)
  Nergalle (Orc:1)
  4 iron trolls
  12 sixfirhies (Pan)
  A fire crab (Lair:5)
  15 skeletal warriors
  A spark wasp zombie (Crypt:3)
  10 shadow wraiths
  3 goliath frogs
  A pharaoh ant (Spider:3)
  An orb spider (shapeshifter) (Depths:3)
  6 swamp dragons
  35 deep trolls
  2 glowing orange brains (Depths:2)
  7 flayed ghosts
  6 steelbarb worms
  8 deep elf archers
  6 necromancers
  5 bog bodies
  6 shadow demons (Pan)
  6 wizards
  8 phantasmal warriors
  8 ironbound convokers
  10 deep elf pyromancers
  13 deep elf zephyrmancers
  3 lindwurms
  3 harpies (Vaults:5)
  An iron giant skeleton (Crypt:2)
  2 orc knights (Vaults:2)
  8 wolf spiders
  3 moths of wrath
  19 ugly things
  2 will-o-the-wisps
  A cyclops (D:11)
  A manticore (shapeshifter) (Vaults:4)
  4 shining eyes
  3 manticores
  21 demonic crawlers
  3 black mambas
  9 elephants
  An iron dragon skeleton (Depths:1)
  14 orange demons
  A torpor snail (Spider:3)
  16 vault sentinels
  26 smoke demons (Pan)
  2 ice statues (Pan)
  A shock serpent skeleton (Crypt:1)
  A rust devil (Pan)
  A purple draconian zombie (Crypt:2)
  5 unseen horrors
  4 rime drakes
  A hellion (Pan)
  7 komodo dragons
  6 cane toads
  A black draconian zombie (Crypt:2)
  A kobold demonologist (D:12)
  A komodo dragon (shapeshifter) (D:14)
  12 yaktaurs
  3 efreet
  3 freezing wraiths
  A catoblepas skeleton (Crypt:1)
  3 ice devils (Pan)
  A black draconian skeleton (Crypt:1)
  A minotaur skeleton (Crypt:2)
  5 tormentors (Pan)
  6 red devils
  5 trolls
  3 hornets
  7 hellwings
  2 polar bears (Lair:5)
  4 tyrant leeches
  4 meliai
  A harpy skeleton (Crypt:1)
  19 tarantellas
  3 blink frogs (Lair:5)
  72 slime creatures
  An ettin zombie (Vaults:3)
  18 jumping spiders
  11 culicivoras
  6 flying skulls
  26 ynoxinuls (Pan)
  3 basilisks
  A water elemental (Depths:1)
  2 wyverns
  A vampire (WizLab)
  2 nameless horrors
  2 shadows (D:11)
  32 yaks
  8 wraiths
  A fire elemental (Spider:1)
  2 hogs (Lair:4)
  12 chaos spawn
  8 golden eyes
  36 redbacks
  10 neqoxecs (Pan)
  A steam dragon (Lair:3)
  A human simulacrum (Vaults:2)
  10 vampire mosquitoes
  9 wargs
  2 two-headed ogre zombies (WizLab)
  Duvessa (D:6)
  7 swamp worms
  A floating eye (shapeshifter) (D:13)
  8 hell hounds (Pan)
  9 water moccasins
  2 floating eyes
  17 large abominations
  14 orc warriors
  2 black bears
  2 sky beasts (D:7)
  2 ice beasts
  2 swamp drakes (Swamp:4)
  An ettin simulacrum (Vaults:3)
  A dream sheep zombie (Crypt:3)
  3 ogres
  A hog zombie (Crypt:1)
  3 boggarts (Lair:5)
  15 wolves
  A swamp dragon skeleton (Crypt:2)
  4 centaurs
  A hog skeleton (Crypt:1)
  A fire crab zombie (Crypt:3)
  2 kobold brigands (D:12)
  8 bullfrogs
  3 small abominations (Depths:3)
  4 human skeletons
  A glowing shapeshifter simulacrum (Vaults:2)
  13 wights
  Dowan (D:6)
  3 troll zombies (WizLab)
  22 killer bees
  3 howler monkeys
  3 crimson imps (Pan)
  3 centaur zombies (Ossuary)
  2 hounds (D:5)
  2 human zombies (Ossuary)
  27 orc priests
  2 gnoll boudas
  2 iguanas
  A sleepcap (D:8)
  13 orc wizards
  4 ogre zombies (WizLab)
  9 mummies
  11 gnolls
  7 adders
  3 white imps
  An ufetubus (D:5)
  2 worms
  4 adder zombies (Ossuary)
  5 dart slugs
  68 orcs
  A bat (D:1)
  An endoplasm (D:2)
  4 giant cockroaches
  2 gnoll zombies (Ossuary)
  6 goblins
  A hobgoblin (D:2)
  14 kobolds
  6 quokkas
  6 ball pythons
  A frilled lizard (D:1)
  6 goblin zombies (Ossuary)
  2 hobgoblin zombies
  4 kobold zombies (Ossuary)
  2 orc zombies (Ossuary)
  6 quokka zombies (Ossuary)
  7 rats
  2 rat zombies (Ossuary)
  A fire vortex (Pan)
1582 creatures vanquished.

Vanquished Creatures (others)
  A Tzitzimitl (Pan)
  2 fire giants
  2 demonspawn blood saints (Pan)
  A stone giant (Depths:2)
  A demonspawn corrupter (Pan)
  A demonspawn black sun (Pan)
  A green death (Pan)
  2 blizzard demons (Pan)
  A vault guard (Vaults:5)
  2 hydras (Lair:2)
  2 two-headed ogres
  A deep troll shaman (Depths:3)
  A deep elf knight (Elf:2)
  A soul eater (Pan)
  A goliath frog (Swamp:3)
  A large abomination (Pan)
  A wolf spider (Spider:3)
  4 elephants
  Joseph (D:9)
  A vault sentinel (Vaults:4)
  2 orange demons (Pan)
  5 smoke demons (Pan)
  A nameless horror (Pan)
  An unseen horror (D:13)
  A komodo dragon (Lair:5)
  A red devil (Pan)
  A hellwing (Pan)
  3 trolls
  2 bloated husks
  A tarantella (Spider:3)
  A shadow (D:12)
  A vampire (D:13)
  A hog (Lair:4)
  7 yaks
  4 chaos spawn (Pan)
  2 vampire mosquitoes (D:11)
  A redback (Spider:2)
  2 neqoxecs (Pan)
  3 orc warriors
  3 wolves (Lair:1)
  A kobold brigand (D:7)
  An earth elemental (Elf:2)
  A wight (D:8)
  6 killer bees
  5 fire vortices (Pan)
  24 foxfires
  14 fungi
  23 plants
  2 starspawn tentacles (Pan)
148 creatures vanquished.

Grand Total: 3160 creatures vanquished

Notes
Turn   | Place    | Note
-------+----------+-------------------------------------------
     0 | D:1      | dsb250 the Ogre Summoner began the quest for the Orb.
     0 | D:1      | Reached XP level 1. HP: 16/16 MP: 3/3
   242 | D:1      | Reached XP level 2. HP: 24/24 MP: 2/5
   341 | D:1      | Found a faded altar of an unknown god.
   581 | D:1      | Reached skill level 3 in Spellcasting
   581 | D:1      | Reached XP level 3. HP: 26/31 MP: 2/7
   674 | D:1      | Learned a level 3 spell: Call Canine Familiar
  1334 | D:2      | Reached XP level 4. HP: 28/39 MP: 3/9
  1411 | D:2      | Learned a level 4 spell: Summon Lightning Spire
  1427 | D:2      | Identified the +4 quarterstaff of the Kidney {venom, +Blink
                  | rPois rN+ Int-2}
  1609 | D:2      | Reached skill level 4 in Spellcasting
  1897 | D:2      | Learned a level 3 spell: Summon Guardian Golem
  1915 | D:2      | Reached XP level 5. HP: 45/45 MP: 11/11
  2120 | D:2      | Reached skill level 1 in Air Magic
  2514 | D:3      | Reached XP level 6. HP: 40/53 MP: 6/13
  2676 | D:3      | Reached skill level 5 in Spellcasting
  2813 | D:3      | Found a glowing golden altar of the Shining One.
  3467 | D:4      | Reached skill level 1 in Staves
  4017 | D:5      | Entered Level 5 of the Dungeon
  4196 | D:5      | Reached skill level 5 in Summonings
  4245 | D:5      | Reached XP level 7. HP: 52/59 MP: 2/15
  4420 | D:5      | Found an ancient bone altar of Kikubaaqudgha.
  4551 | D:5      | Found a sand-covered staircase.
  4556 | Ossuary  | Entered an ossuary
  4772 | Ossuary  | Reached XP level 8. HP: 54/67 MP: 13/16
  4976 | Ossuary  | Reached skill level 6 in Spellcasting
  5616 | D:6      | Noticed Dowan
  5617 | D:6      | Noticed Duvessa
  5646 | D:6      | Killed Duvessa
  5647 | D:6      | Reached skill level 1 in Fighting
  5653 | D:6      | Killed Dowan
  5856 | D:6      | Found a burning altar of Makhleb.
  5857 | D:6      | Found a white marble altar of Elyvilon.
  5857 | D:6      | Found a blossoming altar of Fedhas.
  5857 | D:6      | Found a hide-covered altar of Uskayaw.
  5857 | D:6      | Found a shimmering altar of Xom.
  5858 | D:6      | Found a glowing silver altar of Zin.
  5858 | D:6      | Found a shadowy altar of Dithmenos.
  5865 | D:6      | Reached skill level 5 in Air Magic
  5865 | D:6      | Found a bloodstained altar of Trog.
  5865 | D:6      | Found a sparkling altar of Nemelex Xobeh.
  5866 | D:6      | Found a snail-covered altar of Cheibriados.
  5867 | D:6      | Found an ornate altar of the Wu Jian Council.
  5867 | D:6      | Found an iron altar of Okawaru.
  5868 | D:6      | Found a basalt altar of Yredelemnul.
  5881 | D:6      | Became a worshipper of Cheibriados the Contemplative
  5952 | D:6      | Reached skill level 1 in Invocations
  5955 | D:6      | Reached skill level 1 in Hexes
  5960 | D:6      | Reached XP level 9. HP: 74/80 MP: 7/18
  6111 | D:6      | Found Pual's Antique Armour Shop.
  6787 | D:6      | Found a staircase to the Ecumenical Temple.
  6797 | Temple   | Entered the Ecumenical Temple
  7656 | D:7      | Reached * piety under Cheibriados
  7657 | D:7      | Reached skill level 7 in Spellcasting
  8538 | D:7      | Identified the +2 robe of Summertime {Will+}
  8880 | D:8      | Reached ** piety under Cheibriados
  9006 | D:8      | Reached skill level 5 in Fighting
  9016 | D:8      | Reached XP level 10. HP: 70/95 MP: 16/21
  9421 | D:8      | Learned a level 5 spell: Irradiate
  9427 | D:8      | Learned a level 2 spell: Blink
  9667 | D:8      | Found a stormy altar of Qazlal.
  9859 | D:9      | Noticed Erolcha
  9868 | D:9      | Killed Erolcha
  9869 | D:9      | Reached skill level 8 in Spellcasting
  9950 | D:9      | Reached skill level 5 in Invocations
  9956 | D:9      | Reached skill level 1 in Transmutations
  9968 | D:9      | Reached *** piety under Cheibriados
 10197 | D:9      | Noticed Joseph
 10212 | D:9      | Killed Joseph
 10541 | D:9      | Noticed a two-headed ogre
 10550 | D:9      | Killed a two-headed ogre
 10551 | D:9      | Reached XP level 11. HP: 102/102 MP: 11/23
 11174 | D:10     | Entered Level 10 of the Dungeon
 11174 | D:10     | Noticed a two-headed ogre
 11174 | D:10     | Noticed a two-headed ogre
 11341 | D:10     | Killed a two-headed ogre
 11348 | D:10     | Reached **** piety under Cheibriados
 11520 | D:10     | Reached skill level 9 in Spellcasting
 11623 | D:10     | Noticed a two-headed ogre
 11640 | D:10     | Killed a two-headed ogre
 11641 | D:10     | Reached skill level 5 in Conjurations
 11729 | D:10     | Found a staircase to the Lair.
 11770 | D:10     | Killed a two-headed ogre
 12202 | D:10     | Found a staircase to the Orcish Mines.
 12207 | D:10     | Reached ***** piety under Cheibriados
 12208 | D:10     | Reached skill level 5 in Transmutations
 12301 | D:11     | Noticed a manticore
 12306 | D:11     | Killed a manticore
 12317 | D:11     | Noticed Maurice
 12328 | D:11     | Killed Maurice
 12771 | D:11     | Noticed a cyclops
 12931 | D:11     | Killed a cyclops
 12932 | D:11     | Reached XP level 12. HP: 88/111 MP: 25/25
 13014 | Lair:1   | Entered Level 1 of the Lair of Beasts
 13168 | Lair:1   | Learned a level 6 spell: Statue Form
 13193 | Lair:1   | Reached skill level 1 in Translocations
 13794 | Lair:1   | Reached skill level 10 in Spellcasting
 13814 | Lair:1   | Reached skill level 1 in Earth Magic
 14114 | Lair:2   | Noticed a seven-headed hydra
 14114 | Lair:2   | Noticed an eight-headed hydra
 14332 | Lair:2   | Killed an eight-headed hydra
 14446 | Lair:2   | Killed a seven-headed hydra
 14459 | Lair:2   | Noticed a seven-headed hydra
 14466 | Lair:2   | Killed a seven-headed hydra
 14469 | Lair:2   | Reached ****** piety under Cheibriados
 14478 | Lair:2   | Noticed Urug
 14485 | Lair:2   | Killed Urug
 14639 | Lair:2   | Reached XP level 13. HP: 118/118 MP: 27/27
 14776 | Lair:2   | Identified the +0 pair of boots "Horiecewn" {-Tele rC+
                  | Regen+}
 14808 | Lair:2   | Found a hole to the Spider Nest.
 14848 | Lair:2   | Identified the +3 sling of Fedhas's Hope {flame, rElec
                  | Stlth+}
 15084 | Lair:2   | Found a staircase to the Swamp.
 15165 | Lair:2   | Reached skill level 10 in Invocations
 15325 | Lair:3   | Reached skill level 10 in Summonings
 15882 | Lair:3   | Reached skill level 5 in Earth Magic
 16250 | Lair:3   | Reached skill level 1 in Maces & Flails
 16774 | Lair:4   | Noticed Kirke
 16787 | Lair:4   | Killed Kirke
 17538 | Lair:5   | Entered Level 5 of the Lair of Beasts
 17560 | Lair:5   | Found a staircase to the Slime Pits.
 17560 | Lair:5   | Found a viscous altar of Jiyva.
 17613 | Lair:5   | Reached XP level 14. HP: 102/127 MP: 23/28
 17621 | Lair:5   | Reached skill level 5 in Maces & Flails
 18462 | Lair:5   | Learned a level 5 spell: Freezing Cloud
 19452 | D:12     | Reached skill level 1 in Ice Magic
 19477 | D:12     | Reached skill level 1 in Armour
 19901 | D:12     | Found a gateway to a bazaar.
 20101 | D:12     | Identified the +4 dagger of Nuqies {vamp, +Blink rF- rN+++
                  | Str-2}
 20163 | D:12     | Found an iron altar of Okawaru.
 20195 | D:12     | Identified the +11 short sword of the Dowdy God {holy,
                  | Will+}
 20686 | Orc:1    | Entered Level 1 of the Orcish Mines
 20813 | Orc:2    | Entered Level 2 of the Orcish Mines
 20822 | Orc:1    | Noticed Nergalle
 20825 | Orc:1    | Killed Nergalle
 20957 | Orc:1    | Reached XP level 15. HP: 133/133 MP: 11/29
 20968 | Orc:1    | Found Kywkel's Jewellery Emporium.
 21286 | Orc:2    | Found Basuysmu's Antique Armour Shop.
 21772 | Orc:2    | Found a staircase to the Elven Halls.
 21806 | Orc:2    | Reached skill level 5 in Ice Magic
 21978 | Orc:2    | Found Esmy's General Store.
 21978 | Orc:2    | Found Zadi's Armour Shoppe.
 21984 | Orc:2    | Bought a scroll of immolation for 48 gold pieces
 22147 | Orc:2    | Found Qearel's Magic Scroll Shoppe.
 22147 | Orc:2    | Found Weviav's Antique Armour Shop.
 22152 | Orc:2    | Bought a scroll of torment for 161 gold pieces
 22152 | Orc:2    | Bought a scroll of identify for 34 gold pieces
 22152 | Orc:2    | Bought a scroll of brand weapon for 161 gold pieces
 22152 | Orc:2    | Bought a scroll of teleportation for 51 gold pieces
 22152 | Orc:2    | Bought a scroll of identify for 34 gold pieces
 22152 | Orc:2    | Bought a scroll of butterflies for 68 gold pieces
 22154 | Orc:2    | Bought a scroll of acquirement for 884 gold pieces
 22154 | Orc:2    | Bought a scroll of noise for 17 gold pieces
 22154 | Orc:2    | Acquired the ring of Biesopos {rF+ AC+4 Str+3}
 22464 | D:13     | Noticed a fire giant
 22563 | D:13     | Noticed Josephine
 22567 | D:13     | Killed Josephine
 22676 | D:13     | Reached skill level 5 in Dodging
 22738 | D:13     | Learned a level 4 spell: Summon Ice Beast
 22837 | D:13     | Killed a fire giant
 22848 | D:13     | Noticed a shadow dragon
 22860 | D:13     | Killed a shadow dragon
 22951 | D:13     | Got the Incunabulum of Hexing Congelation
 22989 | D:13     | Noticed Gonodgh's ghost (journeyman MiFi)
 22997 | D:13     | Found a runed translucent gate.
 22997 | D:13     | Found a runed translucent gate.
 22997 | D:13     | Found a runed translucent gate.
 23143 | D:13     | Found a gate to the Vaults.
 23789 | Spider:1 | Entered Level 1 of the Spider Nest
 23872 | D:10     | Learned a level 3 spell: Ignite Poison
 24068 | Spider:1 | Noticed Azrael
 24076 | Spider:1 | Killed Azrael
 24907 | Swamp:1  | Entered Level 1 of the Swamp
 25318 | Swamp:1  | Reached skill level 11 in Spellcasting
 25318 | Swamp:1  | Reached XP level 16. HP: 141/141 MP: 24/31
 25359 | Swamp:1  | Identified the +2 robe of Beogh's Felicitations {rElec rN+}
 25648 | Swamp:2  | Identified the +1 robe of Tutyffo {rF- Regen+ rCorr Stlth+}
 25681 | Swamp:2  | Identified the +3 kite shield of the Wizarding Gods {Str-3
                  | Int+5}
 25681 | Swamp:2  | Noticed Donald
 25690 | Swamp:2  | Killed Donald
 26228 | Swamp:3  | Reached skill level 1 in Shields
 26235 | Swamp:3  | Reached skill level 5 in Armour
 26283 | Swamp:3  | Noticed a thorn hunter
 26294 | Swamp:3  | Killed a thorn hunter
 26390 | Swamp:3  | Noticed Mlioglotl
 26401 | Swamp:3  | Killed Mlioglotl
 26497 | Swamp:3  | Noticed Aizul
 26506 | Swamp:3  | Killed Aizul
 26615 | Swamp:3  | Identified the +3 ring mail of Divine Compulsion {Harm
                  | +Blink Dex-2}
 26713 | Swamp:4  | Entered Level 4 of the Swamp
 26825 | Swamp:4  | Noticed a thorn hunter
 26832 | Swamp:4  | Killed a thorn hunter
 26833 | Swamp:4  | Reached skill level 10 in Transmutations
 26833 | Swamp:4  | Reached skill level 10 in Earth Magic
 26849 | Swamp:4  | Noticed a thorn hunter
 26854 | Swamp:4  | Got a decaying rune of Zot
 26857 | Swamp:4  | Killed a thorn hunter
 26893 | Swamp:4  | Reached skill level 12 in Spellcasting
 27106 | Swamp:4  | Reached XP level 17. HP: 149/149 MP: 29/33
 27704 | Elf:1    | Entered Level 1 of the Elven Halls
 27998 | Elf:1    | Reached skill level 13 in Spellcasting
 28173 | Elf:1    | Learned a level 5 spell: Yara's Violent Unravelling
 28263 | Elf:1    | Found Reitilyj's Jewellery Emporium.
 28567 | Elf:2    | Paralysed by an air elemental for 1 turns
 28572 | Elf:2    | Reached skill level 5 in Shields
 28625 | Elf:2    | Reached skill level 5 in Staves
 28634 | Elf:2    | Reached skill level 5 in Hexes
 28751 | Elf:2    | Found Plog's General Store.
 28920 | Elf:2    | Found a runed translucent gate.
 28921 | Elf:2    | Found a runed translucent gate.
 28921 | Elf:2    | Found a runed translucent gate.
 29194 | Elf:2    | Paralysed by an air elemental for 1 turns
 29196 | Elf:2    | Paralysed by an air elemental for 1 turns
 29364 | Elf:2    | Reached skill level 14 in Spellcasting
 29600 | Elf:2    | Gained mutation: You expend magic power (3 MP) to
                  | strengthen your wands. [mutagenic glow]
 29602 | Elf:2    | Reached XP level 18. HP: 125/157 MP: 17/36
 29738 | Elf:3    | Entered Level 3 of the Elven Halls
 30089 | Elf:3    | Reached skill level 15 in Spellcasting
 30090 | Elf:3    | Paralysed by an air elemental for 1 turns
 30586 | D:13     | Killed Gonodgh's ghost
 30594 | D:13     | Identified the ring of Ukunijapla {rElec Will- rCorr Str+5}
 30655 | D:14     | Found a runed translucent gate.
 30655 | D:14     | Found a runed translucent gate.
 30657 | D:14     | Found a runed translucent gate.
 30657 | D:14     | Found an opulent altar of Gozag.
 30949 | D:14     | Found a sacrificial altar of Ru.
 31052 | D:14     | Noticed diceflayer's ghost (journeyman DsHu)
 31614 | D:15     | Entered Level 15 of the Dungeon
 31680 | D:15     | Reached skill level 1 in Throwing
 31837 | D:15     | Found Quonione's Weapon Shop.
 32001 | D:15     | Found an iron altar of Okawaru.
 32222 | D:15     | Found Tiojoe's General Store.
 32231 | D:15     | Bought a potion of heal wounds for 80 gold pieces
 32354 | D:15     | Found Fedinad's Book Emporium.
 32426 | D:15     | Found a staircase to the Depths.
 32586 | D:15     | Identified the +5 spear of the Loving Hero {holy, rPois rC+
                  | Dex+3}
 32738 | D:15     | Bought the Book of Despicable Magic for 828 gold pieces
 32744 | D:15     | Learned a level 5 spell: Borgnjor's Vile Clutch
 33479 | Elf:3    | Identified the ring "Qumawn" {rF+ Int+3}
 33488 | Elf:3    | Reached skill level 1 in Necromancy
 33592 | Elf:3    | Noticed a deep elf master archer
 33595 | Elf:3    | Killed a deep elf master archer
 33669 | Elf:3    | Noticed a Brimstone Fiend
 33673 | Elf:3    | Noticed a deep elf blademaster
 33676 | Elf:3    | Killed a deep elf blademaster
 33677 | Elf:3    | Reached skill level 10 in Maces & Flails
 33758 | Elf:3    | Reached XP level 19. HP: 163/163 MP: 18/38
 33787 | Elf:3    | Got Quefig's Volume of Ironbound Topology
 33791 | Elf:3    | Identified the +8 short sword "Dragon's Tongue" {freeze,
                  | Str+3}
 35377 | Spider:2 | Reached skill level 5 in Throwing
 35660 | Spider:2 | Reached skill level 5 in Necromancy
 36034 | Spider:3 | Reached skill level 10 in Shields
 37981 | Spider:4 | Entered Level 4 of the Spider Nest
 38611 | Spider:4 | Reached XP level 20. HP: 172/172 MP: 24/39
 38833 | Spider:4 | Got a gossamer rune of Zot
 38845 | Spider:4 | Reached XP level 21. HP: 179/179 MP: 40/40
 39213 | Vaults:1 | Entered Level 1 of the Vaults
 39217 | Vaults:1 | Reached skill level 16 in Spellcasting
 39259 | D:13     | Learned a level 6 spell: Summon Cactus Giant
 39435 | Vaults:1 | Noticed Asterion
 39443 | Vaults:1 | Killed Asterion
 39604 | Vaults:1 | Got Maask's Book of the Bonfire
 39960 | Vaults:1 | Found Uwomoal's Antique Weapon Boutique.
 40961 | Vaults:2 | Reached skill level 17 in Spellcasting
 41015 | Vaults:2 | Reached XP level 22. HP: 204/204 MP: 33/43
 41392 | Vaults:2 | Reached skill level 10 in Fighting
 41943 | Vaults:2 | Found Faemah's Antique Weapon Shoppe.
 42229 | Vaults:2 | Reached skill level 18 in Spellcasting
 42238 | Vaults:2 | Learned a level 4 spell: Passage of Golubria
 42488 | Vaults:3 | Noticed Frederick
 42494 | Vaults:3 | Killed Frederick
 42756 | Vaults:3 | Noticed Mara
 42764 | Vaults:3 | Killed Mara
 42854 | Vaults:3 | Noticed Zenata
 42861 | Vaults:3 | Killed Zenata
 42992 | Vaults:3 | Reached skill level 19 in Spellcasting
 43329 | Vaults:3 | Reached XP level 23. HP: 214/214 MP: 18/46
 43330 | Vaults:3 | Reached skill level 10 in Necromancy
 43334 | Vaults:3 | Noticed Mennas
 43386 | Vaults:3 | Killed Mennas
 43625 | Vaults:3 | Found a staircase to the Crypt.
 43659 | Vaults:3 | Found Tyafeck's Magic Scroll Shop.
 43722 | Crypt:1  | Entered Level 1 of the Crypt
 43809 | Crypt:1  | Identified the +6 dagger of Daxtain {vamp, rN++ Will+++
                  | Str-5 Dex-4}
 44484 | Crypt:2  | Reached skill level 20 in Spellcasting
 45408 | D:10     | Learned a level 8 spell: Summon Horrible Things
 45812 | D:14     | Killed diceflayer's ghost
 46097 | Slime:1  | Entered Level 1 of the Pits of Slime
 46413 | Slime:1  | Reached skill level 15 in Maces & Flails
 47167 | Slime:3  | Gained mutation: You have hidden genetic defects. [a
                  | shining eye]
 47178 | Slime:3  | Reached skill level 15 in Summonings
 47349 | D:10     | Lost mutation: You have hidden genetic defects. [potion of
                  | mutation]
 47349 | D:10     | Lost mutation: You expend magic power (3 MP) to strengthen
                  | your wands. [potion of mutation]
 47349 | D:10     | Gained mutation: Your body sometimes deteriorates upon
                  | taking damage. [potion of mutation]
 47349 | D:10     | Gained mutation: Your body often deteriorates upon taking
                  | damage. [potion of mutation]
 47350 | D:10     | Lost mutation: Your body often deteriorates upon taking
                  | damage. [potion of mutation]
 47350 | D:10     | Lost mutation: Your body sometimes deteriorates upon taking
                  | damage. [potion of mutation]
 47350 | D:10     | Gained mutation: You are robust. (+10% HP) [potion of
                  | mutation]
 47350 | D:10     | Gained mutation: You have hidden genetic potential. [potion
                  | of mutation]
 47667 | Slime:4  | Noticed Dissolution
 47679 | Slime:4  | Gained mutation: You occasionally lose the ability to read
                  | scrolls when taking damage. [a shining eye]
 47679 | Slime:4  | Killed Dissolution
 47680 | Slime:4  | Reached XP level 24. HP: 228/245 MP: 17/47
 47852 | Slime:5  | Entered Level 5 of the Pits of Slime
 47894 | Slime:5  | Paralysed by a great orb of eyes for 2 turns
 48026 | Slime:4  | Lost mutation: You have hidden genetic potential. [a
                  | shining eye]
 48027 | Slime:4  | Gained mutation: You occasionally lose the ability to drink
                  | potions when taking damage. [a shining eye]
 48039 | Slime:4  | Reached skill level 21 in Spellcasting
 48293 | Slime:5  | Noticed the Royal Jelly
 48309 | Slime:5  | Killed the Royal Jelly
 48474 | Slime:5  | Identified the +4 halberd "Ijeomoff" {flame, *Rage Fly
                  | rPois rC++}
 48483 | Slime:5  | Found the +10 tower shield of Ignorance {rN+ Int-4}
 48490 | Slime:5  | Identified the ring of Xom's Best Wishes {rPois MP+9 Str+6}
 48511 | Slime:5  | Identified the +9 plate armour of Anaesthesia {Will+}
 48529 | Slime:5  | Got a slimy rune of Zot
 48565 | Slime:5  | Lost mutation: You occasionally lose the ability to drink
                  | potions when taking damage. [potion of mutation]
 48565 | Slime:5  | Lost mutation: You are robust. (+10% HP) [potion of
                  | mutation]
 48565 | Slime:5  | Lost mutation: You occasionally lose the ability to read
                  | scrolls when taking damage. [potion of mutation]
 48565 | Slime:5  | Gained mutation: You sometimes lose your temper in combat.
                  | [potion of mutation]
 48565 | Slime:5  | Gained mutation: You are clumsy. (Dex -2) [potion of
                  | mutation]
 48565 | Slime:5  | Gained mutation: You occasionally lose the ability to drink
                  | potions when taking damage. [potion of mutation]
 48565 | Slime:5  | Gained mutation: You expend magic power (3 MP) to
                  | strengthen your wands. [potion of mutation]
 48566 | Slime:5  | Lost mutation: You are clumsy. (Dex -2) [potion of
                  | mutation]
 48566 | Slime:5  | Lost mutation: You expend magic power (3 MP) to strengthen
                  | your wands. [potion of mutation]
 48566 | Slime:5  | Gained mutation: You have a pair of small antennae on your
                  | head. [potion of mutation]
 48567 | Slime:5  | Lost mutation: You have a pair of small antennae on your
                  | head. [potion of mutation]
 48567 | Slime:5  | Lost mutation: You sometimes lose your temper in combat.
                  | [potion of mutation]
 48567 | Slime:5  | Gained mutation: You are partially covered in iridescent
                  | scales. (AC +2) [potion of mutation]
 48567 | Slime:5  | Lost mutation: You occasionally lose the ability to drink
                  | potions when taking damage. [potion of mutation]
 48567 | Slime:5  | Gained mutation: You are partially covered in large bone
                  | plates. (SH +4) [potion of mutation]
 49030 | Bazaar   | Entered a bazaar
 49032 | Bazaar   | Found Asomit's Jewellery Boutique.
 49036 | Bazaar   | Found Fezon's Weapon Boutique.
 49036 | Bazaar   | Found Ynirunn's Weapon Boutique.
 49037 | Bazaar   | Found Asixiroe's Book Boutique.
 49070 | Bazaar   | Bought a ring of flight for 175 gold pieces
 49070 | Bazaar   | Bought a ring of resist corrosion for 200 gold pieces
 49087 | Bazaar   | Bought a Necronomicon for 840 gold pieces
 49476 | Crypt:3  | Entered Level 3 of the Crypt
 49853 | Crypt:3  | Identified the ring "Deosesch" {rF+ Str+6 Slay-4 SInv}
 50054 | Crypt:3  | Noticed a curse toe
 50054 | Crypt:3  | Noticed a curse toe
 50065 | Crypt:3  | Killed a curse toe
 50065 | Crypt:3  | Killed a curse toe
 50200 | Crypt:3  | Noticed an ancient lich
 50200 | Crypt:3  | Noticed an ancient lich
 50209 | Crypt:3  | Killed an ancient lich
 50209 | Crypt:3  | Killed an ancient lich
 50239 | Crypt:3  | Identified the +6 sling of Jituf {speed, rElec Str+3 SInv}
 50240 | Crypt:3  | Identified the staff of fire "Otenud Epu" {*Slow Fly rF+
                  | rC- Int+8}
 50243 | Crypt:3  | Identified the staff of poison "Iblonub" {rPois rCorr
                  | Int+4}
 50490 | Crypt:3  | Found a staircase to the Tomb.
 50879 | Orc:2    | Bought the +2 shield of Resistance {rF++ rC++ Will++} for
                  | 846 gold pieces
 50879 | Orc:2    | Found the +2 shield of Resistance {rF++ rC++ Will++}
 51123 | Depths:1 | Entered Level 1 of the Depths
 51375 | Depths:1 | Found a transporter.
 51389 | Depths:1 | Found a transporter.
 51438 | Depths:1 | Noticed Bai Suzhen
 51442 | Depths:1 | Killed Bai Suzhen
 51793 | Depths:1 | Reached XP level 25. HP: 227/227 MP: 48/48
 51952 | Depths:1 | Identified the +4 flail of Mayhem {pain, Str+2 Int+2}
 52150 | Depths:1 | Noticed Jory
 52158 | Depths:1 | Killed Jory
 52386 | Depths:1 | Found a gateway to Hell.
 52867 | Depths:1 | Learned a level 8 spell: Necromutation
 52968 | Depths:2 | Got the Precepts of Volatile Execration
 53028 | Depths:2 | Reached skill level 22 in Spellcasting
 53045 | Depths:2 | Found a one-way gate leading to the halls of Pandemonium.
 53194 | Depths:2 | Paralysed by a floating eye for 3 turns
 53201 | Depths:2 | Found a one-way gateway to a ziggurat.
 53381 | Depths:2 | Found a one-way gate to the infinite horrors of the Abyss.
 53637 | Depths:3 | Identified the ring of Zobid {+Blink rPois rN+}
 54388 | Depths:3 | Noticed a dread lich
 54397 | Depths:3 | Killed a dread lich
 54424 | Depths:3 | Found the ring of the Tortoise {AC+8}
 54613 | Depths:3 | Reached XP level 26. HP: 239/239 MP: 45/49
 55120 | Vaults:4 | Found Uvvan's Magic Scroll Shop.
 55220 | Vaults:4 | Found a magical portal.
 55319 | WizLab   | Entered Zonguldrok's Shrine
 55431 | WizLab   | Noticed an antique lich
 55432 | WizLab   | Found the +9 sword of Zonguldrok {reap}
 55442 | WizLab   | Killed an antique lich
 55724 | Vaults:4 | Found Plog's Distillery.
 55731 | Vaults:4 | Bought a potion of brilliance for 60 gold pieces
 56059 | Vaults:4 | Learned a level 2 spell: Passwall
 56108 | Vaults:4 | Found Vieloteo's Distillery.
 56291 | Vaults:4 | Found Kuluoxag's Book Shoppe.
 56298 | Vaults:4 | Bought a book of Cantrips for 264 gold pieces
 56300 | Vaults:4 | Learned a level 1 spell: Apportation
 56412 | Vaults:5 | Entered Level 5 of the Vaults
 56461 | Vaults:5 | Noticed an ancient lich
 56608 | Vaults:5 | Noticed a dread lich
 56619 | Vaults:4 | Killed an ancient lich
 56748 | Vaults:5 | Reached skill level 15 in Transmutations
 56751 | Vaults:5 | Found the +7 sceptre of Torment {pain, torment}
 56791 | Vaults:5 | Noticed a dread lich
 56797 | Vaults:5 | Killed a dread lich
 56798 | Vaults:5 | Reached skill level 23 in Spellcasting
 56798 | Vaults:5 | Reached skill level 15 in Necromancy
 56873 | Vaults:5 | Reached XP level 27. HP: 240/240 MP: 40/50
 56898 | Vaults:5 | Killed a dread lich
 57078 | Vaults:5 | Got a silver rune of Zot
 57106 | Vaults:5 | Noticed a dread lich
 57119 | Vaults:5 | Killed a dread lich
 57265 | Vaults:5 | Identified the ring of Ywuwk {Fly rN+ Will+ Dex+2}
 57267 | Vaults:5 | Identified the +4 broad axe "Axedwijy" {heavy, rC++ Dex+3}
 57447 | Vaults:5 | Noticed a dread lich
 57455 | Vaults:5 | Killed a dread lich
 58902 | Vaults:3 | Bought a scroll of magic mapping for 172 gold pieces
 58902 | Vaults:3 | Bought a scroll of enchant weapon for 172 gold pieces
 58902 | Vaults:3 | Bought a scroll of enchant weapon for 172 gold pieces
 58902 | Vaults:3 | Bought a scroll of magic mapping for 172 gold pieces
 59236 | Depths:4 | Entered Level 4 of the Depths
 59356 | Depths:4 | Noticed Margery
 59366 | Depths:4 | Killed Margery
 59582 | Depths:4 | Reached skill level 24 in Spellcasting
 59717 | Depths:4 | Found a runed translucent door.
 59718 | Depths:4 | Found a shimmering altar of Xom.
 59718 | Depths:4 | Noticed Xutext's ghost (adept DsAK)
 59718 | Depths:4 | Identified the +5 morningstar "Horham" {chaos, Dex+2}
 59733 | Depths:4 | Killed Xutext's ghost
 59766 | Depths:4 | Found a gate to the Realm of Zot.
 59785 | Depths:4 | Found Keych's Antique Armour Boutique.
 61184 | Pan      | Entered Pandemonium
 61531 | Pan      | Found an exit through the horrors of the Abyss.
 61561 | Pan      | Noticed Voelah the pandemonium lord
 61566 | Pan      | Gained mutation: You are frail. (-10% HP) [a cacodemon]
 61568 | Pan      | Killed Voelah the pandemonium lord
 62230 | Pan      | Noticed Olium the pandemonium lord
 62245 | Pan      | Killed Olium the pandemonium lord
 62548 | Pan      | Found a runed translucent door.
 62553 | Pan      | Got a demonic rune of Zot
 62673 | Pan      | Noticed Juolaf the pandemonium lord
 62680 | Pan      | Reached skill level 15 in Fighting
 63130 | Pan      | Killed Juolaf the pandemonium lord
 63214 | Pan      | Reached skill level 25 in Spellcasting
 63248 | Pan      | Found an exit through the horrors of the Abyss.
 63730 | Pan      | Found a transporter.
 63733 | Pan      | Found a transporter.
 63748 | Pan      | Found a transporter.
 63764 | Pan      | Found a transporter.
 63764 | Pan      | Found a transporter.
 64173 | Pan      | Identified the amulet of Existentialism {Faith Rampage rN+
                  | Will+ Dex-4}
 64694 | Pan      | Noticed Osyrgh the pandemonium lord
 64704 | Pan      | Killed Osyrgh the pandemonium lord
 64848 | Pan      | Found a huge runed translucent gate.
 64863 | Pan      | Found a huge runed translucent gate.
 64900 | Pan      | Identified the ring "Suplah" {rC+ rN+ Str+2}
 65169 | Pan      | Found an exit through the horrors of the Abyss.
 65207 | Pan      | Found a huge runed translucent gate.
 65207 | Pan      | Found a huge runed translucent gate.
 65207 | Pan      | Found a huge runed translucent gate.
 65207 | Pan      | Found a huge runed translucent gate.
 65208 | Pan      | Found a huge runed translucent gate.
 65212 | Pan      | Noticed Icesir the pandemonium lord
 65222 | Pan      | Killed Icesir the pandemonium lord
 65518 | Pan      | Noticed Vushimn the pandemonium lord
 65619 | Pan      | Found a runed translucent door.
 65859 | Pan      | Killed Vushimn the pandemonium lord
 66115 | Pan      | Gained mutation: You are weak. (Str -2) [a neqoxec]
 66590 | Pan      | Noticed Terer the pandemonium lord
 66597 | Pan      | Killed Terer the pandemonium lord
 66920 | Pan      | Reached skill level 10 in Ice Magic
 67434 | Pan      | Reached skill level 10 in Armour
 67697 | Pan      | Reached skill level 10 in Throwing
 68211 | Pan      | Found an opulent altar of Gozag.
 68211 | Pan      | Found Xuleipn's Superb Hardware.
 68275 | Pan      | Reached skill level 26 in Spellcasting
 68277 | Pan      | Found Xuleipn's Jewellery Shop.
 68301 | Pan      | Noticed Xuleipn the pandemonium lord
 68309 | Pan      | Found an opulent altar of Gozag.
 68312 | Pan      | Killed Xuleipn the pandemonium lord
 68326 | Pan      | Found an opulent altar of Gozag.
 68341 | Pan      | Found Xuleipn's Quality Elixirs.
 68360 | Pan      | Found Xuleipn's Rarities Deals.
 68368 | Pan      | Bought a potion of magic for 160 gold pieces
 68439 | Pan      | Gained mutation: You are dopey. (Int -2) [a neqoxec]
 68484 | Pan      | Noticed Ruag the pandemonium lord
 68716 | Pan      | Identified the ring of Woerril {rPois rC+ EV+5 Str-4 Dex+4}
 68724 | Pan      | Found an exit through the horrors of the Abyss.
 69135 | Pan      | Killed Ruag the pandemonium lord
 69390 | Pan      | Entered the realm of Cerebov.
 69450 | Pan      | Found an exit through the horrors of the Abyss.
 69867 | Pan      | Identified the ring of the Illusory Knives {Fire +Blink
                  | rPois rN++ Str+3 Stlth+}
 69879 | Pan      | Identified the ring of Ybocoy {rF+ rCorr Str-3 Int+6 SInv}
 70077 | Pan      | Found the +6 sword of Cerebov {flame}
 70077 | Pan      | Noticed Cerebov
 70103 | Pan      | Killed Cerebov
 70133 | Pan      | Identified the ring "Peaha" {rF++ rC+ Dex+2}
 70134 | Pan      | Identified the staff of conjuration "Hibeotuits" {Drain
                  | rPois Will- Str+6}
 70135 | Pan      | Identified the +3 quarterstaff of Ikhenew {drain, rF+ rN+}
 70143 | Pan      | Identified the staff of poison "Kaedoev" {rPois rF+ Dex+2}
 70166 | Pan      | Got a fiery rune of Zot
 70525 | Pan      | Noticed Alaiclej the pandemonium lord
 70540 | Pan      | Killed from afar by Alaiclej the pandemonium lord

Illustrated notes

Levels and vault maps discovered:
D:1:      elethiomel_arrival_quiet, layout_basic,
          shapermc_ecumenical_altar_mp_highgroup, minmay_small_reverse_x
D:2:      layout_basic, corexii_shack, minmay_snake_closets
D:3:      layout_loops_cross, tso_metal_star
D:4:      layout_cave_pods
D:5:      layout_basic, amcnicky_altar_gilded, enter_ossuary_2,
          cheibrodos_gnoll_hut
D:6:      layout_basic, nicolae_overflows_in_rows,
          minmay_temple_entry_butterflies, serial_shops, shop, uniq_duvessa
D:7:      layout_basic, chequers_serial_rivers_large_b
D:8:      layout_basic, nicolae_overflow_crystal_walls
D:9:      layout_long_grid, uniq_joseph, uniq_erolcha
D:10:     layout_roguey, erik_lair_orcish_takeover, erik_orc_2, enter_bailey_2
D:11:     wander_river, layout_basic, serial_corexii_hall,
          chequers_hall_statues_wall_a, corexii_hall_statues_x,
          corexii_hall_statues_i, corexii_hall_statues_x,
          corexii_hall_statues_x, chequers_hall_statues_y, uniq_maurice
D:12:     evilmike_iron_armoury, layout_grid_maze, serial_shops, bzr_entry_safe
D:13:     layout_roguey, david_vaults_4, maelrawn_ghost_gauntlet_escape,
          minmay_checkered_concentric_circles, uniq_josephine
D:14:     layout_loops_ring, ebering_ghost_gozag, nicolae_ru_path_of_blood,
          kennysheep_crisscross
D:15:     grunt_enter_depths_snipers, layout_gridville, serial_shops, shop,
          shop_statue, shop_fountains, okawaru_metal_pillars_1_2,
          serial_park_tiny_2
Temple:   hellmonk_temple_flake
Lair:1:   layout_gridlike, portal_ice_cave_rime, special_room
          [special_room_bee], nicolae_quartered_pool_impasse,
          lemuel_fruit_fields, infiniplex_staircase_pool
Lair:2:   layout_hall_layers, palyth_hydra_swamp_entry,
          spider_nest_entry_web_field, grunt_megastairs_1,
          infiniplex_staircase_pool_2, uniq_urug
Lair:3:   layout_cave_pods, chequers_serial_rivers_small_b
Lair:4:   layout_loops_ring, grunt_megastairs_3, uniq_kirke
Lair:5:   grunt_lair_end_beastmaster, layout_gridlike, slime_entry_1,
          st_stairs_8, kilobyte_rumbling_trees, lemuel_fruit_tree
Swamp:1:  layout_basic_swamp, evilmike_swamp_ruin_house_5
Swamp:2:  layout_falls_marsh, evilmike_swamp_ruin_house_4, swamp_pool2,
          uniq_donald
Swamp:3:  layout_falls_marsh, evilmike_swamp_ruin_house_3, uniq_mlioglotl,
          uniq_aizul
Swamp:4:  swamp_alternative, layout_basic_swamp
Spider:1: layout_spider_delve, uniq_azrael
Spider:2: nicolae_spider_mines_3
Spider:3: layout_chambers
Spider:4: grunt_spider_rune_circles
Slime:1:  layout_caves
Slime:2:  layout_caves
Slime:3:  layout_caves
Slime:4:  layout_caves, uniq_dissolution
Slime:5
Orc:1:    layout_diamond_mine, guppyfry_orc_lava_fort, uniq_nergalle
Orc:2:    st_orc_town, layout_diamond_mine, nicolae_volcano_entry_s_turn,
          serial_shops, nicolae_diamond_shop, lightli_orcish_oven
Elf:1:    eino_elf_arrival_sip, layout_geoelf_grid, serial_shops,
          nicolae_shop_waterfront, minmay_elf_crystal_heptagon
Elf:2:    nicolae_elf_blades_crystal_corner, layout_gridlike, serial_shops, shop
Elf:3:    minmay_elf_hall_quartered_circle, layout_geoelf_octagon
Vaults:1: nicolae_vaults_ninety_degrees, ontoclasm_vaults_claustrophobia,
          nicolae_vaults_library_corner, nicolae_vaults_little_squares_5,
          nicolae_vaults_apartment_1, nicolae_vaults_tetromino_L_1,
          nicolae_vaults_border_crossing, layout_vaults_quadrants, serial_shops,
          shop, uniq_asterion
Vaults:2: portal_desolation_entry_ruin, vaults_room_door_hall, v_alt_pattern_2,
          nicolae_vaults_back_hallway, v_misc_30, nicolae_vaults_network_square,
          v_rooms_5, vaults_mumra_chevron_long, nicolae_vaults_big_ls,
          nicolae_vaults_house_1, nicolae_vaults_lightning_bolt,
          nicolae_vaults_little_squares_5, nicolae_vaults_trapezoid_lopsided_4,
          layout_vaults_maze_bifur, serial_shops, shop
Vaults:3: v_rooms_6, nicolae_vaults_quartermaster, v_rooms_3,
          nicolae_vaults_double_plus_1, nicolae_vaults_variable_pillar_hall,
          nicolae_vaults_apartment_1, vaults_mumra_minichess_inversion,
          grunt_vaults_funnel, nicolae_vaults_more_shelving_2,
          dpeg_vaults_monster_box, vaults_room_hallway, blue_anna_dwarven_crypt,
          nicolae_vaults_diamond_2, vaults_room_door_ring,
          nicolae_vaults_house_3, ontoclasm_vaults_twist,
          layout_vaults_omnicross, serial_shops, shop_scrolls, uniq_frederick,
          uniq_mennas, uniq_mara, uniq_zenata
Vaults:4: infiniplex_enter_wizlab_water, hangedman_vaults_locks,
          vaults_dpeg_diagonal, v_alt_pattern_6, v_misc_2, vaults_mumra_hexcomb,
          dpeg_vaults_pockets_of_resistance, vaults_room_door_ring,
          nicolae_vaults_network_star, v_misc_4,
          nicolae_vaults_offset_grid_hallway_1, vaults_room_hallway,
          ontoclasm_vaults_idyll, nicolae_vaults_house_1, layout_vaults_omnibox,
          serial_shops, shop, shop, nicolae_shop_tiny_real_fake_doors,
          nicolae_shop_rolling_square
Vaults:5: serial_shops
Crypt:1:  layout_basic, st_stairs_10, grunt_crypt_arrival_split
Crypt:2:  layout_misc_corridors
Crypt:3:  david_glass_crypt, layout_gridlike,
          nicolae_tomb_entry_unfolded_pyramid_diagonal
Depths:1: due_jory_tower, layout_basic, hangedman_geh_valley,
          chequers_decorated_corner, minivault_14, drop_trap,
          minmay_door_square, nicolae_diode_stairs, uniq_bai_suzhen
Depths:2: hangedman_arrow_trap, layout_cave_pools, enter_ziggurat_a,
          hangedman_coc_ice_floe, abyss_entry_glasseish, grunt_pan_entry_spiral,
          corexii_corridor_pit
Depths:3: minmay_nine_rooms, layout_gridlike, hell_entry,
          minmay_room_of_horrors, grunt_decor_mini_mirrors,
          hangedman_abyss_or_decor_jellyfish_corner,
          chequers_serial_rivers_micro_b
Depths:4: evilmike_zot_entry_diamond, layout_honeycomb, abyss_entry,
          serial_shops, nicolae_inconvenience_store, ebering_ghost_xom,
          grunt_metal_band
Pan:      evilmike_mini_pan_thingy, layout_small_grid,
          nicolae_pan_cerebovesque_2, reaverb_pan_squares,
          regret_index_pan_draining_boxed, layout_pan_divisions_b
          [pan_division_quadrant_b1, pan_division_quadrant_b5,
          pan_division_quadrant_b3, pan_division_quadrant_b5],
          pan_blood_fountain_small, nicolae_pan_strange_glyphs
          [nicolae_pan_strange_glyph_spite, nicolae_pan_strange_glyph_worry,
          nicolae_pan_strange_glyph_regret], evilmike_mini_pan_doors,
          layout_gridville, nicolae_pan_lom_lobonic_4, gammafunk_the_bubble
          [the_bubble_gammafunk_roulette], layout_grid_shapes,
          nicolae_pan_sigil_uleosi, grunt_pan_zigzag, layout_cross,
          nicolae_pan_giant_door, layout_irregular_city, rand_demon_9,
          layout_basic, evilmike_mini_pan_3x3, layout_irregular_city,
          nicolae_pan_lom_lobonic_2, nicolae_pan_bazaar_rune, layout_small_grid,
          grunt_pan_frozen_over, layout_irregular_city, pan_blood_fountain,
          cerebov_grunt, layout_gridlike, evilmike_mini_pan_branches,
          layout_irregular_city

Skill      XL: |  1  2  3  4  5  6  7  8  9 10 11 12 13 14 15 16 17 18 19 20 21 22 23 24 25 26 27 |
---------------+----------------------------------------------------------------------------------+-----
Dodging        | 2 3 4 5 7 8 |  8.1
Spellcasting   | 3 4 5 6 7 8 9 10 11 12 14 15 17 19 20 21 22 23 26 | 26.9
Summonings     | 4 5 6 7 8 9 10 11 12 15 16 17 | 17.0
Air Magic      | 1 3 4 5 6 |  6.0
Staves         | 1 2 3 4 5 |  5.5
Fighting       | 2 5 9 10 18 | 18.1
Invocations    | 1 4 5 7 9 11 12 13 | 13.0
Hexes          | 1 3 5 |  5.0
Conjurations   | 3 6 |  6.0
Transmutations | 3 5 6 7 8 10 11 13 15 17 | 17.9
Translocations | 4 |  4.0
Earth Magic    | 3 6 7 8 10 | 10.0
Maces & Flails | 4 7 8 10 12 13 14 15 16 17 19 | 19.7
Ice Magic      | 3 6 11 | 11.7
Armour         | 2 4 5 11 | 11.6
Shields        | 4 6 9 10 12 | 12.0
Throwing       | 4 5 10 | 10.0
Necromancy     | 3 6 7 9 10 11 13 15 16 | 16.0
Stealth        | |  1.5

Action                     |  1- 3 |  4- 6 |  7- 9 | 10-12 | 13-15 | 16-18 | 19-21 | 22-24 | 25-27 || total
---------------------------+-------+-------+-------+-------+-------+-------+-------+-------+-------++-------
  Melee: Dagger            |    67 |       |       |       |     5 |       |       |     1 |       ||    73
         Unarmed           |    10 |       |       |       |       |       |       |       |       ||    10
         Quarterstaff      |       |    69 |    66 |    58 |   185 |   201 |    67 |       |       ||   646
         Short sword       |       |     2 |       |       |       |       |       |       |       ||     2
         Whip              |       |     7 |    64 |       |       |       |       |       |       ||    71
         Flail             |       |       |       |       |       |       |   170 |    68 |       ||   238
         Morningstar       |       |       |       |       |       |       |       |   270 |   331 ||   601
         Staff             |       |       |       |       |       |       |       |     5 |       ||     5
         Sacred scourge    |       |       |       |       |       |       |       |       |   624 ||   624
         Eveningstar       |       |       |       |       |       |       |       |       |   252 ||   252
  Throw: Dart              |       |     1 |     3 |     4 |     6 |     3 |     3 |     2 |       ||    22
   Cast: Summon Small Mamm |    44 |    15 |       |     1 |       |       |       |       |       ||    60
         Call Canine Famil |     2 |    26 |    46 |    64 |    98 |    77 |    54 |    45 |    17 ||   429
         Summon Guardian G |       |     3 |     8 |    41 |    34 |     2 |     1 |     1 |       ||    90
         Summon Lightning  |       |     2 |    37 |    60 |   135 |   111 |   105 |    95 |   121 ||   666
         Blink             |       |       |       |     7 |    15 |    15 |     9 |    10 |    22 ||    78
         Irradiate         |       |       |       |     5 |    29 |    50 |    37 |    32 |    59 ||   212
         Statue Form       |       |       |       |       |    72 |   108 |    76 |   104 |   260 ||   620
         Freezing Cloud    |       |       |       |       |    31 |    66 |    50 |    34 |    40 ||   221
         Summon Ice Beast  |       |       |       |       |     2 |    55 |    50 |     3 |       ||   110
         Ignite Poison     |       |       |       |       |       |     5 |     4 |       |     1 ||    10
         Yara's Violent Un |       |       |       |       |       |    14 |    13 |    21 |    46 ||    94
         Borgnjor's Vile C |       |       |       |       |       |     7 |    43 |    80 |   222 ||   352
         Summon Cactus Gia |       |       |       |       |       |       |    18 |    82 |   134 ||   234
         Summon Horrible T |       |       |       |       |       |       |       |    55 |   279 ||   334
         Passage of Golubr |       |       |       |       |       |       |       |     1 |     3 ||     4
         Apportation       |       |       |       |       |       |       |       |       |    62 ||    62
         Necromutation     |       |       |       |       |       |       |       |       |    32 ||    32
         Passwall          |       |       |       |       |       |       |       |       |    27 ||    27
 Invoke: Slouch            |       |       |       |     1 |     5 |     9 |     6 |     3 |     8 ||    32
         Step From Time    |       |       |       |       |       |       |       |       |     1 ||     1
Ability: End Transformatio |       |       |       |       |     8 |    13 |     6 |    11 |    29 ||    67
  Evoke: Wand              |       |       |       |     6 |     8 |    12 |     6 |     3 |    15 ||    50
         Phantom mirror    |       |       |       |       |       |     1 |     3 |     1 |     3 ||     8
         Phial of floods   |       |       |       |       |       |     1 |       |     1 |     1 ||     3
         Lightning rod     |       |       |       |       |       |     1 |     9 |     3 |     3 ||    16
    Use: Scroll            |       |     4 |     7 |     9 |    10 |     5 |     4 |     4 |    27 ||    70
         Potion            |       |       |       |     2 |     5 |     4 |     3 |    13 |    18 ||    45
   Stab: Distracted        |       |     2 |     2 |     1 |    13 |    15 |    17 |     7 |    51 ||   108
         Sleeping          |       |     1 |     1 |       |       |       |       |       |       ||     2
         Petrified         |       |       |       |       |     4 |       |       |       |       ||     4
         Confused          |       |       |       |       |       |     1 |       |       |       ||     1
         Invisible         |       |       |       |       |       |     3 |       |       |       ||     3
 Armour: Robe              |    31 |    25 |    47 |    18 |    14 |       |       |       |       ||   135
         Skin              |       |       |       |       |   267 |   423 |   502 |   435 |   915 ||  2542
         Troll leather arm |       |       |       |       |    10 |     4 |     2 |     3 |   100 ||   119
  Dodge: Dodged            |    50 |    41 |   106 |    62 |   293 |   339 |   421 |   353 |  1207 ||  2872
  Block: Kite shield       |       |       |       |       |       |       |   334 |   646 |  2201 ||  3181
